 Dungeon Crawl Stone Soup version 0.26.0-45-g9c1d065592 (webtiles) character file.

Game seed: 2679622824184643908

3680 kaeus the Thaumaturge (level 10, 0/57 (63) HPs)
             Began as an Octopode Venom Mage on Jan 30, 2021.
             Was an Initiate of Gozag.
             Slain by a wight
             ... wielding a +4 war axe
              (6 damage)
             ... on level 8 of the Dungeon.
             The game lasted 00:19:13 (11930 turns).

kaeus the Thaumaturge (Octopode Venom Mage)        Turns: 11930, Time: 00:19:14

HP:   0/57 (63)     AC:  9    Str:  8    XL:     10   Next: 13%
MP:   21/22         EV: 14    Int: 21    God:    Gozag
Gold: 1634          SH:  0    Dex: 12    Spells: 11/25 levels left

rFire    + . .     SeeInvis .   f - +2 dagger (venom)
rCold    + . .     Faith    .   (no shield)
rNeg     . . .     Spirit   .   (helmet restricted)
rPois    .         Reflect  .   w - amulet of the acrobat
rElec    .         Harm     .   l - ring of protection from fire
rCorr    .         Rampage  .   n - ring of protection from cold
Will     .....                  v - +4 ring of protection
Stlth    ++++......             (no ring)
HPRegen  0.19/turn              b - +4 ring of protection
MPRegen  0.18/turn              (no ring)
                                (no ring)
                                (no ring)

@: drained, invisible
A: almost no armour, stealthy swim, amphibious, 8 rings, constrict 8, camouflage
1, gelatinous body 1
a: Renounce Religion, Potion Petition, Call Merchant, Bribe Branch


You were on level 8 of the Dungeon.
You worshipped Gozag.
Gozag was most pleased with you.
You visited 1 branch of the dungeon, and saw 8 of its levels.
You also visited: Bailey.

You collected 1692 gold pieces.
You paid 58 gold pieces to Gozag.

Inventory:

Hand Weapons
 e - a +1 dagger of electrocution
 f - a +2 dagger of venom (weapon)
Jewellery
 b - a +4 ring of protection (on tentacle)
 l - a ring of protection from fire (left tentacle)
 n - a ring of protection from cold (right tentacle)
 s - an uncursed amulet of guardian spirit
 v - a +4 ring of protection (on tentacle)
 w - an amulet of the acrobat (around mantle)
Wands
 A - a wand of digging (6)
Scrolls
 a - 4 scrolls of remove curse
 c - 2 scrolls of amnesia
 d - a scroll of enchant weapon
 g - a scroll of immolation
 h - a scroll of brand weapon {unknown}
 i - 2 scrolls of fear
 k - 5 scrolls of teleportation
 m - 4 scrolls of enchant armour
Potions
 j - a potion of ambrosia
 o - a potion of attraction {unknown}
 p - a potion of brilliance {unknown}
 r - a potion of curing
 t - a potion of haste {unknown}
Miscellaneous
 q - a condenser vane (inert)
 u - a condenser vane (inert)
 x - a condenser vane (inert)
 y - a phial of floods (inert)


   Skills:
 + Level 4.0 Fighting
 + Level 4.0 Dodging
 - Level 5.0 Stealth
 + Level 8.0 Spellcasting
 - Level 4.0 Conjurations
 - Level 4.0 Transmutations
 - Level 4.0 Fire Magic
 - Level 4.0 Air Magic
 + Level 6.7 Poison Magic


You had 11 spell levels left.
You knew the following spells:

 Your Spells              Type           Power        Failure   Level
a - Sting                 Tmut/Pois      100%         1%          1
b - Mephitic Cloud        Conj/Pois/Air  29%          3%          3
c - Ignite Poison         Fire/Tmut/Pois 29%          3%          3
d - Olgreb's Toxic Radia  Pois           36%          4%          4
e - Dazzling Flash        Conj/Hex       32%          11%         3

Your spell library contained the following spells:

 Spells                   Type           Power        Failure   Level
 Magic Dart               Conj           100%         1%          1
 Poisonous Vapours        Pois/Air       60%          1%          2
 Searing Ray              Conj           50%          2%          2
 Fulminant Prism          Conj/Hex       8%           34%         4
 Iskenderun's Mystic Bla  Conj/Tloc      16%          34%         4


Dungeon Overview and Level Annotations

Branches:
Dungeon (8/15)             Temple (0/1) D:4          Bailey (visited)
   Lair: D:8-11

Altars:
Gozag
Xom

Annotations:
D:3 3 runed translucent doors, Gadfly's ghost, novice OgMo
D:5 Grinder


Innate Abilities, Weirdness & Mutations

You cannot wear most types of armour.
You are very stealthy in the water. (Stealth+)
You are amphibious.
You can wear up to eight rings at the same time.
You can use your tentacles to constrict eight enemies at once.
Your skin changes colour to match your surroundings (Stealth+).
Your rubbery body absorbs attacks. (AC +1, EV +1)


Message History

* * * LOW HITPOINT WARNING * * *
The wight freezes you.
* * * LOW HITPOINT WARNING * * *
You take 18 damage, and have 7/58 hp.
MASSIVE DAMAGE!!
You release your grip on the wight.
You feel better. The wight closely misses you.
The wight hits you but does no damage.
You regained 5 hp, and now have 12/58 hp.
Clouds of noxious fumes condense around you!
The condenser dries out!
The wight hits you with a cursed +3 short sword of freezing.
* * * LOW HITPOINT WARNING * * *
You feel drained.
* * * LOW HITPOINT WARNING * * *
You take 7 damage, and have 5/57 hp.
It was a potion of invisibility.
You fade into invisibility!
The wight hits you with a +4 war axe.
You die...
Your body crumbles into a pile of gold.

....#.#......######.....#######..
....#.#......##..............##..
....#.#......##..............##..
....#.#......##......##...z..##..
......#......##..^...##......##..
......#......##......##..........
..#..#######.##§§§§.###.......##.
.....#..!!.####§zz§.# #.......##.
#....#..!..# #§@§§.# ####....##z
'....#..∩..# #.....# #.......##.
#....#...!.# #.....###.########z
#....#.))!.####......##.# #.
#..).###)###.......(.##.# #.
...)..##.# #.####....##.#########
#.....##.# #.# #....#......... #
#....###!###.# #....#....[.... #
####.........# #.............. #


You could see 2 wights.

Vanquished Creatures
  Harold (D:8)
  Joseph (D:8)
  A steam dragon (D:8)
  2 water moccasins
  3 orc warriors (Bailey)
  2 ice beasts
  A sky beast (D:5)
  4 ogres
  A centaur (D:5)
  2 bullfrogs
  3 wights (D:8)
  A jelly (D:6)
  6 orc priests
  Crazy Yiuf (D:6)
  A hound (D:5)
  2 bullfrog skeletons
  7 orc wizards
  A centaur skeleton (D:7)
  An iguana (D:8)
  6 worker ants
  17 gnolls
  8 adders
  A white imp (D:7)
  2 ufetubi
  2 worms
  4 dart slugs
  6 leopard geckos
  24 orcs
  6 bats
  9 giant cockroaches
  20 goblins
  4 hobgoblins
  2 jackals (D:3)
  18 kobolds
  3 quokkas (D:2)
  3 frilled lizards
  3 quokka skeletons
  A quokka zombie (D:5)
  9 rats
  A bush (D:4)
190 creatures vanquished.

Vanquished Creatures (others)
  An adder (D:8)
1 creature vanquished.

Grand Total: 191 creatures vanquished

Notes
Turn   | Place    | Note
-------+----------+-------------------------------------------
     0 | D:1      | kaeus the Octopode Venom Mage began the quest for the Orb.
     0 | D:1      | Reached XP level 1. HP: 11/11 MP: 3/3
   310 | D:1      | Reached XP level 2. HP: 11/18 MP: 1/5
  1357 | D:1      | Reached XP level 3. HP: 22/22 MP: 4/6
  1361 | D:1      | Learned a level 3 spell: Mephitic Cloud
  1519 | D:2      | Reached skill level 1 in Fighting
  1850 | D:2      | Reached XP level 4. HP: 28/28 MP: 7/7
  2739 | D:2      | Reached skill level 5 in Poison Magic
  2739 | D:2      | Reached XP level 5. HP: 29/34 MP: 3/9
  2743 | D:2      | Learned a level 3 spell: Ignite Poison
  3760 | D:3      | Reached skill level 1 in Air Magic
  3851 | D:3      | Reached skill level 1 in Conjurations
  3967 | D:3      | Found a runed translucent gate.
  3967 | D:3      | Found a runed translucent gate.
  3967 | D:3      | Found a runed translucent gate.
  3967 | D:3      | Noticed Gadfly's ghost (novice OgMo)
  4034 | D:3      | Reached skill level 3 in Spellcasting
  4116 | D:3      | Reached XP level 6. HP: 26/39 MP: 8/10
  4356 | D:3      | Learned a level 4 spell: Olgreb's Toxic Radiance
  4658 | D:4      | Found an opulent altar of Gozag.
  4665 | D:4      | Became a worshipper of Gozag Ym Sagoz the Greedy
  5654 | D:4      | Found a staircase to the Ecumenical Temple.
  5797 | D:4      | Reached XP level 7. HP: 26/45 MP: 8/11
  6135 | D:5      | Entered Level 5 of the Dungeon
  6693 | D:5      | Reached XP level 8. HP: 26/50 MP: 1/13
  6802 | D:5      | Reached skill level 4 in Spellcasting
  7440 | D:5      | Noticed Grinder
  7532 | D:4      | Reached skill level 5 in Spellcasting
  8166 | D:5      | Reached skill level 6 in Spellcasting
  8402 | D:6      | Found a runed translucent door.
  8403 | D:6      | Noticed Crazy Yiuf
  9122 | D:6      | Reached skill level 7 in Spellcasting
  9122 | D:6      | Reached XP level 9. HP: 54/54 MP: 7/19
  9633 | D:6      | Killed Crazy Yiuf
  9862 | D:7      | Reached skill level 1 in Fire Magic
 10314 | D:7      | Learned a level 3 spell: Dazzling Flash
 10573 | D:8      | Noticed Harold
 10588 | D:8      | Killed Harold
 10718 | D:8      | Found a shimmering altar of Xom.
 10728 | D:8      | Noticed Joseph
 10749 | D:8      | Killed Joseph
 11056 | D:8      | Found a flagged portal.
 11075 | Bailey   | Entered a bailey
 11244 | Bailey   | Reached skill level 5 in Stealth
 11328 | Bailey   | Found a bloodstained altar of Trog.
 11332 | Bailey   | Reached XP level 10. HP: 63/63 MP: 9/21
 11879 | D:8      | Reached skill level 8 in Spellcasting
 11930 | D:8      | Slain by a wight

Illustrated notes

Levels and vault maps discovered:
D:1:      minmay_arrival_plants_in_alcoves, layout_basic
D:2:      layout_basic, minmay_vboxes
D:3:      layout_rooms, gammafunk_ghost_split, nrook_loot_triangle
D:4:      layout_gridville, minmay_temple_entry_statues_pillars,
          minmay_hedge_maze, dk_noncrumbling_3, grunt_gozag_statues
D:5:      layout_basic, uniq_grinder
D:6:      layout_loops_corners, item_on_display_a, uniq_crazy_yiuf_cottage
D:7:      layout_cave_pools
D:8:      layout_basic, brannock_xom_greatest_gift, enter_bailey_7,
          minmay_misc_feat_rugged, kennysheep_generic_room_12, uniq_joseph,
          uniq_harold

Skill      XL: |  1  2  3  4  5  6  7  8  9 10 |
---------------+-------------------------------+-----
Poison Magic   | 4 5 6 |  6.7
Fighting       | 1 2 3 4 |  4.0
Transmutations | 2 3 4 |  4.0
Air Magic      | 1 2 4 |  4.0
Conjurations   | 1 2 3 4 |  4.0
Spellcasting   | 3 7 8 |  8.0
Stealth        | 5 |  5.0
Fire Magic     | 4 |  4.0
Dodging        | 3 4 |  4.0

Action                   |  1- 3 |  4- 6 |  7- 9 | 10-12 || total
-------------------------+-------+-------+-------+-------++-------
Melee: Unarmed           |     4 |       |       |       ||     4
       Constrict         |     6 |    28 |    20 |     5 ||    59
       Tentacles         |     4 |    24 |    20 |     6 ||    54
       Dagger            |    17 |   128 |   138 |    40 ||   323
 Cast: Sting             |    41 |    73 |    45 |     8 ||   167
       Mephitic Cloud    |       |     2 |     1 |     1 ||     4
       Olgreb's Toxic Ra |       |     7 |    29 |     1 ||    37
       Ignite Poison     |       |     2 |    14 |       ||    16
Evoke: Phial of floods   |       |       |       |     1 ||     1
       Condenser vane    |       |       |       |     1 ||     1
  Use: Potion            |       |       |    13 |     2 ||    15
       Scroll            |       |       |    11 |       ||    11
 Stab: Sleeping          |     2 |     4 |     1 |       ||     7
       Confused          |       |     1 |       |       ||     1
Armor: Skin              |     4 |     4 |    55 |     3 ||    66
Dodge: Dodged            |    19 |    52 |   148 |    32 ||   251
